[Event "Early-Titled-Tuesday-Blitz-May-28-2024"]
[Site "Chess.com"]
[Date "2024.05.28"]
[Round "3"]
[White "MatthewG-p4p"]
[Black "Pomegranate988"]
[Result "1-0"]
[WhiteElo "2893"]
[BlackElo "2658"]
[TimeControl "180+1"]
[EndTime "8:27:26 PDT"]
[Termination "MatthewG-p4p won by resignation"]

1. e4 c6 2. d4 g6 3. h4 h5 4.
c4 Bg7 5. Nc3 d6 6. Be3 Nf6 7.
f3 a6 8. Nh3 b5 9. a3 bxc4 10.
Bxc4 d5 11. Ba2 Bxh3 12. Rxh3 e6 13. e5 Ng8 14. Qd2 Ne7 15. g4 Nd7 16. Na4 c5 17. Nxc5 Nxc5 18. dxc5 Bxe5 19. Rd1 Qc7 20. b4 hxg4 21.
fxg4 Rxh4 22. Rxh4 Bg3+ 23. Bf2 Bxh4 24. Bxh4 Qe5+ 25.
Kf1 Nc6 26. Qf2 Qe4 27. Bxd5 Qxg4 28. Bxc6+ Kf8 29. Be7+ Kg8 30. Rd4 Qh3+ 31. Bg2 1-0

[Event "Early-Titled-Tuesday-Blitz-May-28-2024"]
[Site "Chess.com"]
[Date "2024.05.28"]
[Round "3"]
[White "Caracal3000"]
[Black "VirtualCoach"]
[Result "1-0"]
[WhiteElo "2555"]
[BlackElo "2198"]
[TimeControl "180+1"]
[EndTime "8:27:30 PDT"]
[Termination "Caracal3000 won on time"]

1. e4 c5 2. Nf3 d6 3. d4 cxd4 4.
Nxd4 Nf6 5. Nc3 a6 6. f4 Nbd7 7.
g4 Nc5 8. f5 Ncxe4 9. Nxe4 Nxe4 10. Bg2 Qa5+ 11. c3 Nxc3 12. bxc3 Qxc3+ 13. Qd2 Qxa1 14. O-O Qb1 15. Nb3 h5 16. Re1 hxg4 17. Be4 Qxe4 18. Rxe4 Bxf5 19. Re1 e6 20. Nd4 Bh7 21.
Ba3 Be7 22. Qb2 O-O 23. Qxb7 Bf6 24. Nc6 Rfe8 25. Bxd6 Rac8 26. Bc7 1-0

[Event "Early-Titled-Tuesday-Blitz-May-28-2024"]
[Site "Chess.com"]
[Date "2024.05.28"]
[Round "3"]
[White "Willi_Skibbe"]
[Black "Jeppesen08"]
[Result "0-1"]
[WhiteElo "2271"]
[BlackElo "2477"]
[TimeControl "180+1"]
[EndTime "8:27:30 PDT"]
[Termination "Jeppesen08 won by resignation"]

1. d4 Nf6 2. Nf3 g6 3. Nbd2 d5 4. e3 Bg7 5. b4 O-O 6. c4 c6 7. a4 dxc4 8. Bxc4 Nbd7 9. O-O Nb6 10. Bb3 Nbd5 11. b5 cxb5 12. axb5 Nc3 13. Qc2 Nxb5 14.
Ne5 Bf5 15. Qa2 e6 16. f3 Nd7 17. g4 Nxe5 18. gxf5 Nd3 19. fxe6 Nc3 20. exf7+ Kh8 21. Qc2 Nxc1 22. Raxc1 Ne2+ 23. Kf2 Nxc1 24. Rxc1 Rc8 25.
Qxc8 Qxc8 26. Rxc8 Rxc8 27. Ne4 Bf8 28. Ng5 b5 29. Ne6 a5 30. d5 a4 31. Ba2 Rc2+ 32. Kg3 Rxa2 33. Nxf8 Kg7 34. Nxh7 Kxf7 35. Ng5+ Ke7 36.
Ne4 b4 37. Kf4 b3 38. Kg5 Rc2 0-1

[Event "Early-Titled-Tuesday-Blitz-May-28-2024"]
[Site "Chess.com"]
[Date "2024.05.28"]
[Round "3"]
[White "CarlosAlbornoz"]
[Black "subham777"]
[Result "1-0"]
[WhiteElo "2843"]
[BlackElo "2567"]
[TimeControl "180+1"]
[EndTime "8:27:31 PDT"]
[Termination "CarlosAlbornoz won by checkmate"]

1. Nf3 d5 2. g3 Nf6 3. Bg2 e6 4.
O-O Be7 5. c4 O-O 6. d4 Ne4 7.
Qc2 f5 8. Bf4 c6 9. Nbd2 Nd7 10.
Ne5 Nxe5 11. Bxe5 Bf6 12. Bxf6 Qxf6 13. e3 Bd7 14. b4 Nxd2 15. Qxd2 dxc4 16. a4 Rac8 17.
Qc3 b5 18. axb5 cxb5 19. Rxa7 Bc6 20. Bxc6 Rxc6 21. Rfa1 Rb8 22. Rd7 Rd8 23. Rb7 h5 24. Raa7 h4 25. Rxg7+ Kh8 26. Rgf7 Qh6 27. d5+ Kg8 28.
Rg7+ Kf8 29. Rg6 Qh5 30. Qg7+ Ke8 31. Qf7# 1-0

[Event "Early-Titled-Tuesday-Blitz-May-28-2024"]
[Site "Chess.com"]
[Date "2024.05.28"]
[Round "3"]
[White "Nitzan_Steinberg"]
[Black "JeFumeDesClopes"]
[Result "0-1"]
[WhiteElo "2896"]
[BlackElo "2707"]
[TimeControl "180+1"]
[EndTime "8:27:33 PDT"]
[Termination "JeFumeDesClopes won by resignation"]

1. e4 g6 2. d4 Bg7 3. Nc3 d6 4. Nf3 Nf6 5. Be3 a6 6. Bd3 Nc6 7. Qd2 Ng4 8. O-O-O Nxe3 9. fxe3 e5 10. Qf2 O-O 11. Rdf1 exd4 12. exd4 Bg4 13. Ne2 Nb4 14. Kb1 c5 15. h3 Be6 16. d5 Bd7 17. a3 Nxd3 18.
cxd3 b5 19. h4 h6 20. h5 g5 21. Ng3 b4 22. axb4 Rb8 23. bxc5 Rxb2+ 24. Qxb2 Bxb2 25. Kxb2 Qa5 26. Rb1 Rb8+ 27. Kc2 Qa2+ 0-1

[Event "Early-Titled-Tuesday-Blitz-May-28-2024"]
[Site "Chess.com"]
[Date "2024.05.28"]
[Round "3"]
[White "alreadybroken23"]
[Black "vugarrasulov"]
[Result "0-1"]
[WhiteElo "2620"]
[BlackElo "3003"]
[TimeControl "180+1"]
[EndTime "8:27:33 PDT"]
[Termination "vugarrasulov won by resignation"]

1. d4 Nf6 2. c4 e6 3. Nc3 Bb4 4. e3 c5 5. Bd3 d5 6. Nf3 dxc4 7.
Bxc4 cxd4 8. exd4 O-O 9. O-O b6 10. Qe2 Bb7 11. Rd1 Nbd7 12. d5 exd5 13. Nxd5 Re8 14.
Qc2 Bxd5 15. Bxd5 Nxd5 16. Rxd5 Qe7 17. Bg5 Qe6 18. Rad1 Nf6 19. Re5 Qc8 20. Qb3 Bc5 21.
Bxf6 gxf6 22. Rh5 Qe6 23. Qc2 Qe4 24. Qc3 Qe2 25. Rf1 Rad8 26. g3 Rd1 27. Rxd1 Bxf2+ 28. Kg2 Bd4+ 29. Kh3 Bxc3 0-1

[Event "Early-Titled-Tuesday-Blitz-May-28-2024"]
[Site "Chess.com"]
[Date "2024.05.28"]
[Round "3"]
[White "IMRosen"]
[Black "BobbyFischer1508"]
[Result "0-1"]
[WhiteElo "2742"]
[BlackElo "2455"]
[TimeControl "180+1"]
[EndTime "8:27:33 PDT"]
[Termination "BobbyFischer1508 won by checkmate"]

1. e4 e6 2. f4 d5 3. e5 h5 4. Nf3 Ne7 5. c3 b6 6. Na3 Qd7 7. Nc2 Ba6 8. Bxa6 Nxa6 9. d4 Nb8 10. O-O Nf5 11. Ne3 Nxe3 12. Bxe3 g6 13. g3 Be7 14. Kg2 c5 15. h3 Nc6 16. g4 hxg4 17.
hxg4 cxd4 18. cxd4 O-O-O 19. Qd3 Kb7 20. a3 Na5 21.
Nd2 Rc8 22. Rac1 Rxc1 23. Rxc1 Bd8 24. b4 Nc6 25. Nb3 Qe7 26. Qb5 Nb8 27. Na5+ Ka8 28. Rc8 Rh2+ 29. Kxh2 Qh4+ 30. Kg2 Qxg4+ 31. Kf2 Bh4+ 32.
Kf1 Qf3+ 33. Kg1 Qxe3+ 34. Kg2 Qg3+ 35. Kh1 Qe1+ 36. Kg2 Qf2+ 37. Kh1 Qe1+ 38. Kh2 Qf2+ 39. Kh1 Qf3+ 40. Kg1 Bf2+ 41. Kf1 Bg3+ 42. Kg1 Qf2+ 43. Kh1 Qh2# 0-1

[Event "Early-Titled-Tuesday-Blitz-May-28-2024"]
[Site "Chess.com"]
[Date "2024.05.28"]
[Round "3"]
[White "balack95"]
[Black "KnightDuta"]
[Result "0-1"]
[WhiteElo "2498"]
[BlackElo "2719"]
[TimeControl "180+1"]
[EndTime "8:27:35 PDT"]
[Termination "KnightDuta won by resignation"]

1. Nf3 d5 2. c4 d4 3. e3 Nc6 4. b4 Nxb4 5. exd4 e5 6. a3 e4 7. axb4 exf3 8. Qxf3 Qxd4 9. Nc3 Bxb4 10. Bd3 Bxc3 11.
O-O Bxa1 12. Ba3 Ne7 13. Bxe7 Kxe7 14. Re1+ Be6 15. Qxb7 Rhd8 16. Qb4+ c5 17. Qb7+ Kf8 18. Bxh7 Rab8 19. Qxa7 Qxd2 20. Qxa1 Rb2 21. Rf1 Bxc4 22. Qc1 Qxc1 23. Rxc1 g6 24. h4 Rd4 25. h5 Kg7 26. hxg6 fxg6 0-1

[Event "Early-Titled-Tuesday-Blitz-May-28-2024"]
[Site "Chess.com"]
[Date "2024.05.28"]
[Round "3"]
[White "karinachess1"]
[Black "urano56"]
[Result "1-0"]
[WhiteElo "2609"]
[BlackElo "2420"]
[TimeControl "180+1"]
[EndTime "8:27:35 PDT"]
[Termination "karinachess1 won by checkmate"]

1. d4 Nf6 2. c4 g6 3. Nc3 Bg7 4. e4 d6 5. h4 O-O 6. Be2 c5 7.
d5 e6 8. h5 exd5 9. exd5 Re8 10. Kf1 a6 11. Nh3 b5 12. h6 Bf8 13. cxb5 axb5 14. Bxb5 Bg4 15. Qd3 Nbd7 16. Bg5 Bf5 17.
Qd2 Be7 18. Re1 Rb8 19. a4 Rxb5 20. axb5 Qb6 21. f3 Ne5 22. Nf2 Ra8 23. Rh4 Bd7 24. Rf4 Bxb5+ 25. Kg1 Nc4 26. Qc1 Bd8 27. Bxf6 Bxf6 28.
Rxf6 Qd8 29. Qg5 Ba6 30. Nfe4 Nb6 31. Rxd6 Qxg5 32. Nxg5 Nc4 33. Rxa6 Rxa6 34. Re8# 1-0

[Event "Early-Titled-Tuesday-Blitz-May-28-2024"]
[Site "Chess.com"]
[Date "2024.05.28"]
[Round "3"]
[White "Mikhail_Golubev"]
[Black "viditchess"]
[Result "0-1"]
[WhiteElo "2635"]
[BlackElo "3082"]
[TimeControl "180+1"]
[EndTime "8:27:37 PDT"]
[Termination "viditchess won by resignation"]

1. e4 c6 2. d4 d5 3. Nc3 dxe4 4.
Nxe4 Nf6 5. Nxf6+ exf6 6. c3 Bd6 7. Bd3 O-O 8. Ne2 Re8 9. O-O Na6 10. Ng3 Nc7 11. Ne4 Bf8 12. Qf3 Be6 13. Bf4 Nd5 14.
Bg3 Qd7 15. h3 b5 16. Rfe1 a5 17. Nc5 Bxc5 18. dxc5 a4 19. a3 Ne7 20. Bd6 Bd5 21.
Qh5 Ng6 22. Rad1 Rxe1+ 23. Rxe1 Re8 24. Rd1 Bb3 25. Bf5 Bxd1 26. Bxd7 Re1+ 27. Kh2 Bxh5 28. g4 Ne5 29. Bxe5 Rxe5 30. gxh5 Rxc5 0-1

[Event "Early-Titled-Tuesday-Blitz-May-28-2024"]
[Site "Chess.com"]
[Date "2024.05.28"]
[Round "3"]
[White "kekic76"]
[Black "TitarovVasiliYouTube"]
[Result "0-1"]
[WhiteElo "2348"]
[BlackElo "2587"]
[TimeControl "180+1"]
[EndTime "8:27:38 PDT"]
[Termination "TitarovVasiliYouTube won on time"]

1. c4 e6 2. Nc3 d5 3. cxd5 exd5 4. d4 a6 5. Bf4 Nf6 6. Nf3 Bd6 7. Bxd6 Qxd6 8. e3 O-O 9. Be2 Bf5 10. O-O Nbd7 11. a3 c6 12. b4 Rfe8 13. Na4 Qe7 14. Nc5 Nb6 15. Ne5 Ne4 16. Bd3 Nd6 17. Bxf5 Nxf5 18. Qd3 Nd6 19. Rac1 f6 20. Nf3 Nbc4 21. Nd2 Nxd2 22.
Qxd2 Qf7 23. Qa2 Re7 24. a4 Rae8 25. Nd3 g5 26. Qb3 h5 27. b5 axb5 28. axb5 Nxb5 29. Rc5 Nd6 30. Nb4 h4 31. h3 Qe6 32. Rfc1 Rg7 33. Nd3 Qe4 34. Nb4 g4 35. hxg4 Qxg4 0-1

[Event "Early-Titled-Tuesday-Blitz-May-28-2024"]
[Site "Chess.com"]
[Date "2024.05.28"]
[Round "3"]
[White "Timerkhanov"]
[Black "vladislavkovalev"]
[Result "1-0"]
[WhiteElo "2721"]
[BlackElo "2902"]
[TimeControl "180+1"]
[EndTime "8:27:39 PDT"]
[Termination "Timerkhanov won by resignation"]

1. d4 Nf6 2. Bg5 d5 3. Nd2 Nbd7 4. Ngf3 h6 5. Bh4 e6 6. e3 Be7 7. Bd3 b6 8. O-O Bb7 9. Bxf6 Nxf6 10. Ne5 O-O 11.
a4 c5 12. c3 Bd6 13. f4 Ne4 14. Nxe4 dxe4 15. Bc4 Qe7 16. Qe2 a6 17. f5 Bxe5 18. dxe5 exf5 19. Rxf5 b5 20. axb5 axb5 21. Rxa8 Bxa8 22.
Bxb5 Qe6 23. Qf1 Rb8 24. c4 Rd8 25. h3 Bb7 26. Rf2 Rd3 27. Qa1 Rd5 28. cxd5 1-0

[Event "Early-Titled-Tuesday-Blitz-May-28-2024"]
[Site "Chess.com"]
[Date "2024.05.28"]
[Round "3"]
[White "HansOnTwitch"]
[Black "bascheyaro"]
[Result "0-1"]
[WhiteElo "3125"]
[BlackElo "2816"]
[TimeControl "180+1"]
[EndTime "8:27:40 PDT"]
[Termination "bascheyaro won by resignation"]

1. e4 e6 2. d4 d5 3. Nc3 Bb4 4.
exd5 exd5 5. Bd3 Nf6 6. Nf3 O-O 7. O-O Bg4 8. h3 Bh5 9. Bg5 c6 10. g4 Bg6 11. Ne5 Nbd7 12. f4 Bxd3 13. Qxd3 Bxc3 14. bxc3 Qc7 15. Nxd7 Nxd7 16. f5 Rfe8 17. Rae1 b5 18. Bf4 Qa5 19. g5 Qxa2 20. f6 Qc4 21. Qd2 Re4 22. Rxe4 dxe4 23. fxg7 Qe6 24. Kh2 a5 25. Qf2 a4 26. g6 Qxg6 27. Rg1 Qe6 28. Qh4 a3 29. Ra1 a2 30. Qg3 Nb6 31. Be5 Nc4 32. Bf4 e3 33. Qh4 e2 34. Bh6 e1=Q 35. Rxe1 Qxe1 36.
Qxe1 a1=Q 37. Qe7 Qa3 0-1

[Event "Early-Titled-Tuesday-Blitz-May-28-2024"]
[Site "Chess.com"]
[Date "2024.05.28"]
[Round "3"]
[White "Sondremelaa"]
[Black "luggevoila"]
[Result "1-0"]
[WhiteElo "2578"]
[BlackElo "2342"]
[TimeControl "180+1"]
[EndTime "8:27:42 PDT"]
[Termination "Sondremelaa won by resignation"]

1. d4 d5 2. Bf4 Nf6 3. e3 e6 4. Nf3 Be7 5. Nbd2 O-O 6. Bd3 c5 7. c3 Nc6 8. h4 Bd6 9. Ne5 Qc7 10.
Ndf3 Bd7 11. h5 h6 12. g4 Ne4 13. g5 hxg5 14. Nxg5 Nxe5 15. dxe5 Bxe5 16. Bxe4 dxe4 17. Bxe5 Qxe5 18. Qxd7 Qxg5 19. O-O-O Rad8 20. Qxb7 Rxd1+ 21. Rxd1 Qxh5 22. Qxe4 g6 23. Rh1 Qd5 24. Qh4 Kg7 25.
Qh6+ Kf6 26. Rd1 Qa8 27. Rd7 Rh8 28. Qf4+ 1-0

[Event "Early-Titled-Tuesday-Blitz-May-28-2024"]
[Site "Chess.com"]
[Date "2024.05.28"]
[Round "3"]
[White "Lily_Schirmbeck"]
[Black "UmarovSabir"]
[Result "0-1"]
[WhiteElo "1698"]
[BlackElo "2329"]
[TimeControl "180+1"]
[EndTime "8:27:42 PDT"]
[Termination "UmarovSabir won on time"]

1. d4 g6 2. Nf3 Bg7 3. g3 c6 4. Bg2 d5 5. O-O f5 6. c4 Nf6 7. Nc3 O-O 8. Bf4 Ne4 9. cxd5 Nxc3 10. bxc3 cxd5 11. Be5 Nc6 12. Bxg7 Kxg7 13. Qc2 f4 14. Rab1 Qd6 15. Nd2 Bf5 16. Qb2 Bxb1 17. Qxb1 b6 18. Qb2 Rad8 19. c4 e6 20. Rc1 Qb4 21. Qxb4 Nxb4 22.
a3 Nc6 23. cxd5 Nxd4 24. Kf1 fxg3 25. hxg3 exd5 26. Nf3 Nxf3 27. Bxf3 Rf7 28. Rd1 d4 29. e3 Rfd7 30. exd4 Rxd4 31. Rxd4 Rxd4 32. Bc6 h5 33.
Bb5 g5 34. a4 h4 35. Kg2 Kf6 0-1

[Event "Early-Titled-Tuesday-Blitz-May-28-2024"]
[Site "Chess.com"]
[Date "2024.05.28"]
[Round "3"]
[White "Cheer_Down"]
[Black "ajedrez-facil"]
[Result "1-0"]
[WhiteElo "2498"]
[BlackElo "2231"]
[TimeControl "180+1"]
[EndTime "8:27:43 PDT"]
[Termination "Cheer_Down won by resignation"]

1. e4 c5 2. Nf3 d6 3. d4 cxd4 4. Nxd4 Nf6 5. Nc3 g6 6. Be3 Bg7 7. f3 O-O 8. Qd2 Nc6 9. O-O-O Nxd4 10.
Bxd4 Be6 11. Kb1 Qc7 12. h4 h5 13. g4 Rfc8 14. gxh5 Nxh5 15. Bxg7 Kxg7 16. f4 Bg4 17. Re1 Qc5 18. f5 Qe5 19. Bd3 Nf4 20. Reg1 Nxd3 21.
cxd3 Bh5 22. Rg5 Rh8 23. fxg6 Qf6 24. Nd5 Qf3 25. gxf7+ Kxf7 26. Rf5+ Qxf5 27. exf5 1-0

[Event "Early-Titled-Tuesday-Blitz-May-28-2024"]
[Site "Chess.com"]
[Date "2024.05.28"]
[Round "3"]
[White "HowTo2Draw"]
[Black "chessamical"]
[Result "1-0"]
[WhiteElo "2563"]
[BlackElo "2286"]
[TimeControl "180+1"]
[EndTime "8:27:46 PDT"]
[Termination "HowTo2Draw won on time"]

1. c4 c6 2. Nf3 d5 3. cxd5 cxd5 4. d4 Nc6 5. Nc3 Nf6 6. Bf4 Bf5 7. e3 a6 8. Bd3 Bxd3 9. Qxd3 e6 10. O-O Bd6 11.
Bg3 Bxg3 12. hxg3 O-O 13. Na4 Nd7 14. Rac1 Qa5 15. Nc5 Nxc5 16. Rxc5 Qxa2 17. Qc2 Nb4 18. Qc3 a5 19. Ne5 b6 20. Rc7 Na6 21. Rc6 b5 22.
Nd7 b4 23. Qc2 Rfd8 24. Nb6 Rab8 25. Rc1 g6 26. Qe2 Rxb6 27. Rxb6 Nb8 28. Qb5 Qxb2 29.
Rc7 Qb1+ 30. Kh2 Qf5 31. f3 Qh5+ 32. Kg1 Qg5 33. Kf2 1-0

[Event "Early-Titled-Tuesday-Blitz-May-28-2024"]
[Site "Chess.com"]
[Date "2024.05.28"]
[Round "3"]
[White "janhelmer03"]
[Black "campochess"]
[Result "1-0"]
[WhiteElo "2408"]
[BlackElo "2123"]
[TimeControl "180+1"]
[EndTime "8:27:48 PDT"]
[Termination "janhelmer03 won by checkmate"]

1. Nf3 c5 2. b3 f6 3. c4 e5 4.
Nc3 Ne7 5. g3 d5 6. cxd5 Nxd5 7.
Bg2 Nxc3 8. dxc3 Qxd1+ 9. Kxd1 Nc6 10. e4 Bg4 11. Kc2 O-O-O 12. Be3 b6 13. h3 Bh5 14. g4 Bg6 15. Nd2 h5 16. f3 hxg4 17. hxg4 Be7 18.
a4 Na5 19. Bf1 Rxh1 20. Ba6+ Kc7 21. Rxh1 Bf7 22. Nc4 Nc6 23. Na3 Na5 24. Bc4 Nxc4 25. Nxc4 Kc6 26. Na3 a6 27. c4 g6 28. Rh7 Rf8 29.
Bh6 Rd8 30. Rxf7 Kd6 31. Rh7 Ke6 32. Be3 Bd6 33. Nb1 f5 34. gxf5+ gxf5 35. Rh6+ Ke7 36. Bg5+ Kd7 37. Bxd8 Bf8 38. Rh8 Bg7 39. Rh7 Kxd8 40. Rxg7 b5 41. axb5 axb5 42. cxb5 fxe4 43. fxe4 Kc8 44. b6 Kb8 45. Rc7 c4 46. bxc4 Ka8 47. Nc3 Kb8 48. Nd5 Ka8 49. Nb4 Kb8 50. Na6+ Ka8 51. Ra7# 1-0

[Event "Early-Titled-Tuesday-Blitz-May-28-2024"]
[Site "Chess.com"]
[Date "2024.05.28"]
[Round "3"]
[White "OparinGrigoriy"]
[Black "Witik"]
[Result "0-1"]
[WhiteElo "3048"]
[BlackElo "2796"]
[TimeControl "180+1"]
[EndTime "8:27:49 PDT"]
[Termination "Witik won by checkmate"]

1. Nc3 d5 2. e4 dxe4 3. Nxe4 Nf6 4. Nxf6+ exf6 5. Nf3 Bd6 6. Bc4 O-O 7. O-O Re8 8. h3 Nd7 9. d4 Nf8 10. Re1 Ng6 11.
c3 Bf5 12. Rxe8+ Qxe8 13. Be3 Qd7 14. Qf1 h5 15. Re1 c6 16. Bd3 Re8 17. Bxf5 Qxf5 18. Bd2 Re6 19. Rxe6 fxe6 20. b3 Qc2 21. Qa1 Bf4 22. Qe1 Kf7 23. Bxf4 Nxf4 24. Qd2 Ne2+ 25. Kf1 Qxd2 26. Nxd2 Nxc3 27. a4 b5 28. a5 Ke7 29.
f3 Kd6 30. Kf2 c5 31. Ke3 Nd5+ 32. Ke4 f5+ 33. Kd3 Nf4+ 34. Kc3 Ne2+ 35. Kd3 Nxd4 36.
b4 Nc6 37. bxc5+ Kxc5 38. a6 Nb4+ 39. Ke3 Nxa6 40. Kf4 Kd6 41. Kg5 Nc5 42. Kxh5 Ke7 43. Kg6 Kf8 44. g4 a5 45. g5 a4 46. h4 a3 47. h5 a2 48. Kh7 a1=Q 49. f4 Nd7 50.
Nf3 Qh1 51. h6 gxh6 52. g6 Nf6+ 53. Kh8 Qxf3 54. g7+ Kf7 55. g8=Q+ Nxg8 56. Kh7 Nf6+ 57. Kh8 Qa8# 0-1

[Event "Early-Titled-Tuesday-Blitz-May-28-2024"]
[Site "Chess.com"]
[Date "2024.05.28"]
[Round "3"]
[White "yobdc"]
[Black "jumpingknight20"]
[Result "0-1"]
[WhiteElo "2509"]
[BlackElo "2775"]
[TimeControl "180+1"]
[EndTime "8:27:49 PDT"]
[Termination "jumpingknight20 won by resignation"]

1. e4 g6 2. d4 Bg7 3. Nf3 d6 4. c4 c5 5. d5 Nf6 6. Nc3 O-O 7.
Be2 b5 8. cxb5 a6 9. a4 axb5 10. Bxb5 Ba6 11. Bg5 h6 12. Bd2 e6 13. O-O exd5 14.
exd5 Nbd7 15. Re1 Nb6 16. Bc6 Rb8 17. Nb5 Nbxd5 18. Ra3 Ne7 19. Be4 Nxe4 20. Rxe4 Bxb5 21. axb5 Rxb5 22. Bc3 d5 23. Bxg7 dxe4 24. Qf1 Kxg7 25.
Ne5 Rxb2 26. Qa1 Qd4 27. Nc4 Qxf2+ 0-1

[Event "Early-Titled-Tuesday-Blitz-May-28-2024"]
[Site "Chess.com"]
[Date "2024.05.28"]
[Round "3"]
[White "h4parah5"]
[Black "Bilan_Danila"]
[Result "1-0"]
[WhiteElo "3003"]
[BlackElo "2539"]
[TimeControl "180+1"]
[EndTime "8:27:50 PDT"]
[Termination "h4parah5 won by resignation"]

1. e4 c6 2. Nf3 d5 3. exd5 cxd5 4. Ne5 Nc6 5. Bb5 Bd7 6. Nxd7 Qxd7 7. d4 e6 8. c3 Nf6 9. Nd2 Bd6 10. O-O a6 11.
Bd3 b5 12. Qe2 b4 13. Bxa6 bxc3 14. bxc3 O-O 15. Bb5 Qc7 16. g3 Na7 17. c4 Nxb5 18.
cxb5 Qc3 19. Nb3 Ra4 20. Bg5 Ne4 21. Rfc1 Qb4 22. Be3 Nc3 23. Qd3 Nxb5 24. Bd2 Qc4 25. Rxc4 dxc4 26. Qf1 cxb3 27. Qxb5 Rxa2 28. Rxa2 bxa2 29.
Qa4 Be7 30. Qxa2 Bf6 31. d5 exd5 32. Qxd5 Re8 33. Kg2 g6 34. Be3 Kg7 35. g4 h6 36.
Qd7 Re6 37. Qc8 Bg5 38. Bd4+ Bf6 39. Bc5 Be7 40. Bxe7 Rxe7 41. Qc6 Re6 42. Qd5 Kh7 43. h4 Kg8 44. f4 Kh7 45. f5 gxf5 46. gxf5 Re7 47. f6 Ra7 48. Qe4+ Kh8 49. Qg4 1-0

[Event "Early-Titled-Tuesday-Blitz-May-28-2024"]
[Site "Chess.com"]
[Date "2024.05.28"]
[Round "3"]
[White "Yaacovn"]
[Black "RantomOpening"]
[Result "1-0"]
[WhiteElo "2861"]
[BlackElo "2578"]
[TimeControl "180+1"]
[EndTime "8:27:51 PDT"]
[Termination "Yaacovn won by resignation"]

1. d4 d5 2. e3 e6 3. Bd3 Nf6 4.
Nd2 c5 5. c3 Be7 6. f4 O-O 7.
Ngf3 b6 8. Ne5 Ba6 9. Bxa6 Nxa6 10. O-O b5 11. Qe2 Qb6 12. a4 b4 13. Qb5 Qxb5 14.
axb5 Nc7 15. Nc6 Bd6 16. Ra5 a6 17. b6 Nb5 18. b7 Rae8 19. Rxa6 bxc3 20. bxc3 Nxc3 21.
Ba3 Nfe4 22. Nxe4 Nxe4 23. Rb1 cxd4 24. Bxd6 Nxd6 25. exd4 Nxb7 26. Rxb7 Ra8 27. Rxa8 Rxa8 28. Rb8+ Rxb8 29. Nxb8 Kf8 30. Kf2 Ke7 31. Nc6+ Kd6 32. Ne5 f6 33. Nf3 Kc6 34. Ke3 Kb5 35. Kd3 Kb4 36.
g4 h6 37. f5 exf5 38. gxf5 Kb5 39. Nh4 Kc6 40. Ng6 Kd6 41. Nf4 Kc6 42. Kc3 1-0

[Event "Early-Titled-Tuesday-Blitz-May-28-2024"]
[Site "Chess.com"]
[Date "2024.05.28"]
[Round "3"]
[White "Fh2411"]
[Black "Connectedcloud"]
[Result "1-0"]
[WhiteElo "2555"]
[BlackElo "2197"]
[TimeControl "180+1"]
[EndTime "8:27:52 PDT"]
[Termination "Fh2411 won by resignation"]

1. d4 Nf6 2. Nf3 e6 3. Bg5 d5 4.
e3 Be7 5. Nbd2 Nbd7 6. Bd3 c5 7. c3 O-O 8. O-O b6 9. Ne5 Bb7 10. f4 Ne4 11. Bxe7 Qxe7 12. Qc2 Ndf6 13. Ndf3 Rac8 14. Qe2 c4 15. Bc2 b5 16. a3 a5 17. g4 b4 18.
axb4 axb4 19. g5 Nd7 20. Nxd7 Qxd7 21. Ne5 Qe7 22. Bxe4 dxe4 23. Ra7 Ra8 24. Rfa1 bxc3 25. bxc3 f6 26. gxf6 gxf6 27. Ng4 Kh8 28. Kh1 Qc7 29. Qb2 f5 30. Ne5 Rg8 31. Rxa8 Rxa8 32. Rxa8+ Bxa8 33.
Qa3 Qd8 34. Nf7+ 1-0

[Event "Early-Titled-Tuesday-Blitz-May-28-2024"]
[Site "Chess.com"]
[Date "2024.05.28"]
[Round "3"]
[White "AldokhinIvan"]
[Black "DvaHrasta"]
[Result "1-0"]
[WhiteElo "2611"]
[BlackElo "2429"]
[TimeControl "180+1"]
[EndTime "8:27:53 PDT"]
[Termination "AldokhinIvan won on time"]

1. d4 Nf6 2. c4 e6 3. Nc3 Bb4 4. f3 c5 5. a3 cxd4 6. axb4 dxc3 7. bxc3 d5 8. c5 O-O 9. Bg5 h6 10. Bh4 Nc6 11. e3 e5 12. Bb5 Re8 13. Ne2 Be6 14. O-O a5 15. Bxc6 bxc6 16. f4 exf4 17. Nxf4 g5 18. Nxe6 Rxe6 19. Bg3 Ne4 20. Qh5 Rf6 21.
Be5 Rxf1+ 22. Rxf1 f6 23. Qg6+ 1-0

[Event "Early-Titled-Tuesday-Blitz-May-28-2024"]
[Site "Chess.com"]
[Date "2024.05.28"]
[Round "3"]
[White "Naruto75_3"]
[Black "profedechess93"]
[Result "1-0"]
[WhiteElo "2412"]
[BlackElo "2589"]
[TimeControl "180+1"]
[EndTime "8:27:55 PDT"]
[Termination "Naruto75_3 won by resignation"]

1. d4 d5 2. c4 c6 3. cxd5 cxd5 4. Nc3 Nf6 5. Bf4 a6 6. e3 Nc6 7. Bd3 e6 8. Nf3 Bd6 9. Bxd6 Qxd6 10. O-O O-O 11. Rc1 e5 12. dxe5 Nxe5 13. Nxe5 Qxe5 14. Ne2 Qxb2 15. Bb1 Qe5 16. Nd4 Bd7 17.
Qb3 Rab8 18. Qb6 Qg5 19. Nf3 Qh5 20. Rc7 Bc6 21. Nd4 Nd7 22. Qa5 Ne5 23. Nxc6 bxc6 24.
Qc3 Rfe8 25. h3 h6 26. Qc2 g6 27. Qc5 Re6 28. Bc2 Rbe8 29. Bd1 Qh4 30. f4 Nd3 31. Qa7 Qg3 32. Bf3 Rxe3 33. Rxf7 1-0

[Event "Early-Titled-Tuesday-Blitz-May-28-2024"]
[Site "Chess.com"]
[Date "2024.05.28"]
[Round "3"]
[White "MaxLeto"]
[Black "vishwa_vijeta"]
[Result "0-1"]
[WhiteElo "2382"]
[BlackElo "2601"]
[TimeControl "180+1"]
[EndTime "8:27:55 PDT"]
[Termination "vishwa_vijeta won on time"]

1. g4 d5 2. Bg2 Bxg4 3. c4 c6 4. Qb3 Qd7 5. cxd5 cxd5 6. Bxd5 Nc6 7. Bxf7+ Kd8 8. Bxg8 Nd4 9. Qf7 Qc6 10. Qd5+ Qxd5 11.
Bxd5 Nc2+ 12. Kd1 Nxa1 13. b3 Rc8 14. Bxb7 Rc2 15. Nc3 Bf5 16. e4 Be6 17. Nge2 g6 18. Nd4 Bg4+ 19. f3 Bg7 20. fxg4 Bxd4 21. Nb5 e5 22.
Nxd4 exd4 23. Ba6 Rxa2 24. Bc4 Rf8 25. d3 Nc2 26. Bg5+ Kd7 0-1

[Event "Early-Titled-Tuesday-Blitz-May-28-2024"]
[Site "Chess.com"]
[Date "2024.05.28"]
[Round "3"]
[White "smilingice"]
[Black "biostatistician"]
[Result "1-0"]
[WhiteElo "2401"]
[BlackElo "2578"]
[TimeControl "180+1"]
[EndTime "8:27:56 PDT"]
[Termination "smilingice won by resignation"]

1. e4 e5 2. Nf3 Nc6 3. Bb5 Nf6 4. O-O Nxe4 5. Re1 Nd6 6. Nxe5 Be7 7. Bf1 Nxe5 8.
Rxe5 O-O 9. d4 Bf6 10. Re1 Nf5 11. c3 d5 12. Bf4 Nh4 13. Nd2 Ng6 14. Bg3 c6 15. Nf3 Bg4 16. h3 Bh5 17. Qd3 Re8 18. Ne5 Qb6 19. Nd7 Qxb2 20. Nxf6+ gxf6 21. Qf5 Be2 22. Bxe2 Rxe2 23. Rxe2 Qxe2 24. Qxf6 Re8 25. h4 Qe6 26. Qg5 Qe7 27. Qh6 Qf8 28. Qg5 h6 29. Qd2 Kh7 30. h5 Ne7 31. Qd3+ Kh8 32.
Re1 Ng8 33. Rxe8 Qxe8 34. Qf5 Qe6 35. Be5+ Nf6 36. Bxf6+ Kg8 37. Qf4 Kh7 38. g3 Qe1+ 39. Kg2 Qe2 40. Qb8 Qe4+ 41. Kh2 1-0

[Event "Early-Titled-Tuesday-Blitz-May-28-2024"]
[Site "Chess.com"]
[Date "2024.05.28"]
[Round "3"]
[White "LuisFSiles"]
[Black "dianamirza"]
[Result "1-0"]
[WhiteElo "2375"]
[BlackElo "2015"]
[TimeControl "180+1"]
[EndTime "8:27:56 PDT"]
[Termination "LuisFSiles won by checkmate"]

1. d4 Nf6 2. c4 c5 3. d5 b5 4. Nd2 g6 5. e4 d6 6. f4 Bg7 7.
Ngf3 O-O 8. Bd3 Bd7 9. O-O b4 10.
a3 a5 11. e5 dxe5 12. fxe5 Ng4 13. Qe2 Bh6 14. Ne4 Bg7 15. Bf4 Qb6 16. h3 Nh6 17. g4 f5 18. exf6 exf6 19. Qe3 Na6 20. Bxh6 f5 21. gxf5 gxf5 22. Bxg7 Kxg7 23. Neg5 Rg8 24.
Qe7+ Kh8 25. Qxh7# 1-0